 Dungeon Crawl Stone Soup version 0.30-a0-634-g8abc85282e (webtiles) character file.

Game seed: 8496462065698781948

156 mampy3000 the Chopper (level 5, -2/70 HPs)
             Began as a Minotaur Berserker on Jan 14, 2023.
             Was a Believer of Trog.
             Slain by an ogre
             ... wielding a +0 giant club
              (19 damage)
             ... on level 4 of the Dungeon.
             The game lasted 00:06:59 (3016 turns).

mampy3000 the Chopper (Minotaur Berserker)          Turns: 3016, Time: 00:07:00

Health: -2/70      AC:  9    Str: 21    XL:     5   Next: 14%
Magic:  4/4        EV:  8    Int:  4    God:    Trog [**....]
Gold:   176        SH:  0    Dex: 12    Spells: 4/4 levels left

rFire   . . .      SeeInvis .    a - +1 hand axe
rCold   . . .      Faith    .    (no shield)
rNeg    . . .      Spirit   .    m - +0 chain mail
rPois   +          Reflect  .    (helmet restricted)
rElec   .          Harm     .    (no cloak)
rCorr   +          Rampage  .    (no gloves)
Will    .....                    (no boots) Stlth
                                 d - amulet of the acrobat
HPRegen 0.31/turn                t - ring of poison resistance
MPRegen 0.09/turn                o - ring of resist corrosion

@: berserking, very quick
A: horns 2, retaliatory headbutt
a: Renounce Religion, Berserk, Trog's Hand


You were on level 4 of the Dungeon.
You worshipped Trog.
Trog was pleased with you.
You visited 1 branch of the dungeon, and saw 4 of its levels.

You collected 176 gold pieces.

Inventory:

Hand Weapons
 a - a +1 hand axe (weapon)
Armour
 b - a +0 animal skin
 c - a +1 ring mail
 m - a +0 chain mail (worn)
Jewellery
 d - an amulet of the acrobat (around neck)
 o - a ring of resist corrosion (right hand)
 t - a ring of poison resistance (left hand)
Wands
 r - a wand of quicksilver (4) (quivered)
Scrolls
 h - 2 scrolls of identify
 j - a scroll of enchant weapon
 l - a scroll of enchant armour
Potions
 e - a potion of heal wounds {unknown}
 f - 2 potions of cancellation
 g - 2 potions of haste {unknown}
 i - 4 potions of curing
 k - 2 potions of attraction {unknown}
 n - a potion of flight {unknown}
 p - a potion of lignification {unknown}
 q - a potion of degeneration {unknown}
 s - a potion of might {unknown}
 u - a potion of mutation {unknown}


   Skills:
 + Level 4.5 Fighting
 + Level 5.3 Axes
 + Level 3.7 Armour
 + Level 2.9 Dodging
 + Level 0.1 Stealth


You had 4 spell levels left.
You didn't know any spells.
Your spell library was empty.

Dungeon Overview and Level Annotations

Branches:
Dungeon (4/15)
 Temple: D:4-7

Altars:


Innate Abilities, Weirdness & Mutations

You have a pair of horns on your head.
You reflexively headbutt those who attack you in melee.


Message History

The jelly closely misses you.
You slash the jelly!
Your hands burn!
The jelly is almost dead.
The jelly hits you but does no damage.
You hit the jelly.
You kill the jelly!
Trog accepts your kill.
You have reached level 5!
HP restored.
Found a stone staircase leading down.
u - a glowing pink potion
Found a Grand Grimoire.
You now have 176 gold pieces (gained 5).
A kobold comes into view. It is wielding a +0 club.
The kobold shouts!
An ogre comes into view. It is wielding a +0 giant club.
The ogre shouts!
The kobold barely misses you.
You closely miss the kobold. The kobold hits you but does no damage.
You closely miss the kobold. You headbutt the kobold.
The kobold is severely wounded.
The kobold hits you with a +0 club.
You hit the kobold.
You kill the kobold!
Trog accepts your kill.
You hit the ogre.
The ogre hits you with a +0 giant club!!
You hit the ogre. Your headbutt misses the ogre.
The ogre is moderately wounded.
You barely miss the ogre. You headbutt the ogre!
The ogre is heavily wounded.
The ogre hits you with a +0 giant club!
* * * LOW HITPOINT WARNING * * *
The ogre attacks as you move away! The ogre hits you with a +0 giant club!
* * * LOW HITPOINT WARNING * * *
It was a potion of curing.
You feel better.
A red film seems to cover your vision as you go berserk!
You feel yourself moving faster!
You feel mighty!
The ogre hits you with a +0 giant club!!
You die...

#########
############........
###..................#
....##########.######.
##..#.##### #.###
.#.......:. #..@#
....#.#### ###O#
.....#.. .......)#
##.##.#####.......
#.##.# #####..##
#.##.# #..# #.##.#
#... #.##.# ##.#
##.##.# #.#


You could see an ogre.

Vanquished Creatures
  A jelly (D:4)
  Jessica (D:2)
  4 adders (D:2)
  An ufetubus (D:4)
  2 dart slugs
  2 ball pythons
  4 endoplasms
  5 giant cockroaches
  6 goblins
  6 hobgoblins
  2 jackals (D:1)
  8 kobolds
  2 quokkas
  5 bats
  A frilled lizard (D:1)
  4 rats
54 creatures vanquished.

Notes
Turn   | Place    | Note
-------+----------+-------------------------------------------
     0 | D:1      | mampy3000 the Minotaur Berserker began the quest for the
                  | Orb.
     0 | D:1      | Reached XP level 1. HP: 19/19 MP: 0/0
   139 | D:1      | Reached XP level 2. HP: 24/27 MP: 1/1
   190 | D:1      | Reached skill level 4 in Axes
   664 | D:1      | Reached XP level 3. HP: 31/33 MP: 2/2
  1101 | D:2      | Found a faded altar of an unknown god.
  1365 | D:2      | Reached ** piety under Trog
  1367 | D:2      | Reached XP level 4. HP: 39/41 MP: 3/3
  1658 | D:2      | Noticed Jessica
  1666 | D:2      | Killed Jessica
  1667 | D:2      | Reached skill level 5 in Axes
  2938 | D:4      | Reached XP level 5. HP: 40/47 MP: 4/4
  3008 | D:4      | Noticed an ogre
  3016 | D:4      | Slain by an ogre

Illustrated notes

Levels and vault maps discovered:
D:1:      dpeg_arrival_radiant, layout_basic
D:2:      layout_basic, ebering_ecumenical_altar_sacrificial, serial_glass,
          glass_columns_a, glass_columns_c, minmay_misc_feat_hallway,
          minmay_split_cup_small, uniq_jessica
D:3:      layout_loops_corners
D:4:      layout_loops_ring, lemuel_temple_firewalk_a, serial_glass,
          glass_columns_c, glass_columns_a

Skill      XL: |  1  2  3  4 |
---------------+-------------+-----
Axes           | 4 5 |  5.3
Fighting       | 4 |  4.5
Armour         | 3 |  3.7
Dodging        | |  2.9
Stealth        | |  0.1

Action                   |  1- 3 |  4- 6 || total
-------------------------+-------+-------++-------
Melee: Hand axe          |    83 |    48 ||   131
       Headbutt          |    15 |    10 ||    25
       Punch             |     2 |       ||     2
Invok: Berserk           |       |     2 ||     2
  Use: Scroll            |       |     8 ||     8
       Potion            |       |     1 ||     1
Armor: Ring mail         |    33 |     8 ||    41
       Chain mail        |       |     8 ||     8
Dodge: Dodged            |    57 |    25 ||    82

Table legend: (Time is in decaauts)
 A = Elapsed time spent in this place.
 B = Non-inter-level travel time spent in this place.
 C = Inter-level travel time spent in this place.
 D = Time resting spent in this place.
 E = Time spent auto-exploring this place.
 F = Levels seen in this place.
 G = Mean time per level.
                   A        B        C        D        E       F      G
               +--------+--------+--------+--------+--------+-----+--------+
         Total |   3036 |   2869 |    167 |      0 |   2431 |   4 |  759.0 |
       Dungeon |   3036 |   2869 |    167 |      0 |   2431 |   4 |  759.0 |
               +--------+--------+--------+--------+--------+-----+--------+

Top non-repeatable levels by time:
     D:1: 1104 daAuts
     D:2: 894 daAuts
     D:3: 862 daAuts
     D:4: 175 daAuts
